 Dungeon Crawl Stone Soup version 0.27.1-33-g824d729ab1 (webtiles) character file.

Game seed: 1463240877710480773

79 Atelerd the Digger (level 4, -2/27 HPs)
             Began as an Octopode Earth Elementalist on Dec 23, 2021.
             Killed from afar by an orc wizard (3 damage)
             ... with a puff of flame
             ... on level 3 of the Dungeon.
             The game lasted 00:03:30 (2628 turns).

Atelerd the Digger (Octopode Earth Elementalist)    Turns: 2628, Time: 00:03:30

Health: -2/27      AC:  1    Str:  7    XL:     4   Next: 37%
Magic:  1/8        EV: 13    Int: 18    God:
Gold:   123        SH:  0    Dex: 12    Spells: 8/9 levels left

rFire    . . .     SeeInvis .   c - +0 dagger
rCold    . . .     Faith    .   (no shield)
rNeg     . . .     Spirit   .   (helmet restricted)
rPois    .         Reflect  .   (no amulet)
rElec    .         Harm     .   (no ring)
rCorr    .         Rampage  .   (no ring)
Will     .....                  (no ring)
Stlth    ++........             (no ring)
HPRegen  0.09/turn              (no ring)
MPRegen  0.11/turn              (no ring)
                                (no ring)
                                (no ring)

@: confused
A: almost no armour, amphibious, 8 rings, camouflage 1, gelatinous body 1,
(nimble swimmer 1), tentacles
a: no special abilities


You were on level 3 of the Dungeon.
You visited 1 branch of the dungeon, and saw 3 of its levels.

You collected 123 gold pieces.

Inventory:

Hand Weapons
 c - a +0 dagger (weapon)
Missiles
 b - 7 stones
Jewellery
 e - an amulet of faith
Scrolls
 a - a scroll of immolation {unknown}
 d - a scroll of identify {unknown}
 f - a scroll of teleportation {unknown}
 g - a scroll of blinking {unknown}
Potions
 h - a potion of heal wounds {unknown}
 i - a potion of haste {unknown}


   Skills:
 - Level 2.0 Dodging
 - Level 2.6 Stealth
 + Level 3.0 Spellcasting
 - Level 2.0 Transmutations
 + Level 3.9 Earth Magic


You had 8 spell levels left.
You knew the following spells:

 Your Spells              Type           Power      Damage    Failure   Level
a - Sandblast             Erth           32%        2d9       3%          1

Your spell library contained the following spells:

 Spells                   Type           Power      Damage    Failure   Level
 Passwall                 Tmut/Erth      10%        N/A       8%          2
 Stone Arrow              Conj/Erth      18%        3d8       22%         3
 Petrify                  Tmut/Erth      13%        N/A       43%         4


Dungeon Overview and Level Annotations

Branches:
Dungeon (3/15)

Altars:

Annotations:
D:2 exclusion: downstairs


Innate Abilities, Weirdness & Mutations

You cannot wear most types of armour.
You are amphibious.
You can wear up to eight rings at the same time.
Your skin changes colour to match your surroundings (Stealth+).
Your rubbery body absorbs attacks. (AC +1, EV +1)
((You are camouflaged near water. (Stealth+)))
You have tentacles for arms and can constrict up to eight enemies at once.


Message History

Confirm with . or Enter, or press ? or * to list all spells.
Aiming: Sandblast (safe; 3% risk of failure)
Press: ? - help, Shift-Dir - straight line Something hits you.
Casting: Sandblast (safe; 3% risk of failure)
Confirm with . or Enter, or press ? or * to list all spells.
Aiming: Sandblast (safe; 3% risk of failure)
Press: ? - help, Shift-Dir - straight line The blast of sand hits something but does no damage.
Something hits you.
Unknown command.
Casting: Sandblast (safe; 3% risk of failure)
Confirm with . or Enter, or press ? or * to list all spells.
Aiming: Sandblast (safe; 3% risk of failure)
Press: ? - help, Shift-Dir - straight line Something hits you.
Casting: Sandblast (safe; 3% risk of failure)
Confirm with . or Enter, or press ? or * to list all spells.
Aiming: Sandblast (safe; 3% risk of failure)
Press: ? - help, Shift-Dir - straight line Something barely misses you.
Unknown command.
Casting: Sandblast (safe; 3% risk of failure)
Confirm with . or Enter, or press ? or * to list all spells.
Aiming: Sandblast (safe; 3% risk of failure)
Press: ? - help, Shift-Dir - straight line Something hits you.
* * * LOW HITPOINT WARNING * * *
Unknown command.
You aren't carrying any items that you can evoke.
You hear some strange, mumbled words.
Something tries to affect you, but you resist.
You hear some strange, mumbled words.
You are confused.
A magic dart appears from out of thin air!
The magic dart hits you.
* * * LOW HITPOINT WARNING * * *
A puff of flame appears from out of thin air!
The puff of flame hits you.
You die...

........###### ##
..<.....###########
...####...........#
.. #...........#
##.{........#
#..........#
#..........#
#..........#
####@...>.....#
#.....<..†....#
.....##..........#
#.## #..........#
############


There were no monsters in sight!

Vanquished Creatures
  An adder (D:3)
  3 worms (D:2)
  A dart slug (D:3)
  2 orcs (D:2)
  6 bats
  5 endoplasms
  4 giant cockroaches
  3 goblins (D:2)
  4 hobgoblins
  2 jackals (D:2)
  5 kobolds
  4 quokkas
  5 ball pythons
  3 frilled lizards
  5 rats
53 creatures vanquished.

Notes
Turn   | Place    | Note
-------+----------+-------------------------------------------
     0 | D:1      | Atelerd the Octopode Earth Elementalist began the quest for
                  | the Orb.
     0 | D:1      | Reached XP level 1. HP: 11/11 MP: 3/3
   345 | D:1      | Reached XP level 2. HP: 17/17 MP: 3/5
   995 | D:1      | Reached XP level 3. HP: 21/21 MP: 6/6
  1078 | D:2      | Found a faded altar of an unknown god.
  2012 | D:2      | Reached XP level 4. HP: 27/27 MP: 5/8
  2627 | D:3      | HP: 1/27 [something/magic dart (5)]
  2628 | D:3      | Killed from afar by an orc wizard

Illustrated notes

Levels and vault maps discovered:
D:1:      lightli_iron_boxes, layout_loops_ring
D:2:      layout_basic, shapermc_ecumenical_altar_notcrosses
D:3:      kennysheep_six_static_rooms, layout_rooms,
          chequers_serial_rivers_large_b, uniq_ijyb

Skill      XL: |  1  2  3  4 |
---------------+-------------+-----
Transmutations | 2 |  2.0
Spellcasting   | 3 |  3.0
Dodging        | |  2.0
Stealth        | |  2.6
Earth Magic    | |  3.9

Action                   |  1- 3 |  4- 6 || total
-------------------------+-------+-------++-------
Melee: Unarmed           |     6 |       ||     6
       Constrict         |    16 |     1 ||    17
       Tentacles         |    10 |     2 ||    12
       Dagger            |    62 |     4 ||    66
 Cast: Sandblast         |    36 |    14 ||    50
 Stab: Sleeping          |     8 |     1 ||     9
       Distracted        |       |     1 ||     1
Armor: Skin              |     7 |     1 ||     8
Dodge: Dodged            |    62 |     5 ||    67
